 Dungeon Sprint DCSS version 0.30-a0-956-gcec3b41aec (webtiles) character file.

Game seed: 15724466819070203230

179 sircluck the Cleaver (level 5, -3/56 HPs)
             Began as a Hill Orc Berserker on Mar 29, 2023.
             Was an Elder of Trog.
             Slain by a warg (5 damage)
             ... in the Dungeon (Sprint VII: "The Pits").
             The game lasted 00:02:53 (489 turns).

sircluck the Cleaver (Hill Orc Berserker)            Turns: 489, Time: 00:02:55

Health: -3/56      AC: 12    Str: 22    XL:     5   Next: 59%
Magic:  5/5        EV:  9    Int:  7    God:    Trog [****..]
Gold:   0          SH:  0    Dex: 10    Spells: 4/4 levels left

rFire   . . .      SeeInvis .    o - +1 hand axe (freeze)
rCold   . . .      Faith    .    (no shield)
rNeg    . . .      Spirit   .    v - +3 chain mail
rPois   .          Reflect  .    (no helmet)
rElec   .          Rampage  .    (no cloak)
rCorr   .          NoTele   +    (no gloves)
Will    .....                    (no boots) Stlth
                                 (no amulet)
HPRegen 0.29/turn                (no ring)
MPRegen 0.09/turn                (no ring)

@: on berserk cooldown
A: no striking features
a: Renounce Religion, Convert to Beogh, Berserk, Trog's Hand, Brothers in Arms


You were in the Dungeon.
You worshipped Trog.
Trog was greatly pleased with you.
You visited 1 branch

Inventory:

Hand Weapons
 a - a +0 hand axe
 n - a +2 hand axe
 o - a +1 hand axe of freezing (weapon)
 p - a +3 heavy trident
 q - a +0 dagger of venom
 r - a +1 heavy flail
 s - a +2 long sword of holy wrath
 t - a +1 quarterstaff of speed
Missiles
 m - 10 stones (quivered)
Armour
 b - a +0 animal skin
 u - a +2 plate armour
 v - a +3 chain mail (worn)
Scrolls
 h - a scroll of blinking
 j - a scroll of butterflies
 k - 5 scrolls of amnesia
 l - 2 scrolls of vulnerability
Potions
 c - 6 potions of curing
 d - 4 potions of heal wounds
 e - a potion of haste
 f - 4 potions of magic
 g - 3 potions of berserk rage
 i - 2 potions of invisibility


   Skills:
 + Level 8.7 Fighting
 + Level 9.9 Axes
 + Level 4.0 Armour
 + Level 3.9 Dodging
 + Level 0.2 Stealth


You had 4 spell levels left.
You didn't know any spells.
Your spell library was empty.

Dungeon Overview and Level Annotations

Branches:
Dungeon (1/1)

Altars:
Ashenzari
Cheibriados
Dithmenos
Elyvilon
Fedhas
Gozag
Hepliaklqana
Kikubaaqudgha
Makhleb
Nemelex Xobeh
Okawaru
Qazlal
Ru
Sif Muna
Trog
Uskayaw
Vehumet
Wu Jian
Xom
Yredelemnul
Zin
The Shining One
Beogh
Jiyva
Lugonu


Message History

You are more confused.
You bump into the metal wall.
Something hits you but does no damage.
You slash something! You freeze something. Trog accepts your kill.
You can now call in reinforcements.
Trog appreciates your killing of a magic user.
Reactivating autopickup.
You feel a bit more experienced. The warg bites you!
* * * LOW HITPOINT WARNING * * *
Your Armour skill increases to level 4!
You feel much better. The warg misses you. The warg bites you!
You barely miss the warg. The warg closely misses you.
You bump into the metal wall.
The warg bites you! The warg bites you but does no damage.
You bump into the metal wall.
The warg bites you. x2
* * * LOW HITPOINT WARNING * * *
You bump into the metal wall.
The warg misses you.
The warg stops to sniff the ground.
The warg barely misses you. The warg attacks as you move away!
The warg bites you.
* * * LOW HITPOINT WARNING * * *
The warg barely misses you.
You barely miss the warg.
You feel yourself speed up.
You feel less confused. The warg bites you.
* * * LOW HITPOINT WARNING * * *
You hit the warg. You freeze the warg.
The warg is lightly wounded.
The warg closely misses you.
The orc priest calls down the wrath of Beogh upon you.
Beogh smites you!
* * * LOW HITPOINT WARNING * * *
You feel much better. The warg completely misses you. The warg bites you!
* * * LOW HITPOINT WARNING * * *
You hit the warg. You freeze the warg.
The warg is moderately wounded.
The orc priest mumbles some strange prayers to Beogh against you.
Beogh smites you!
* * * LOW HITPOINT WARNING * * *
The warg bites you.
You die...

############
#_________.#
#_________.#
#_______...##########
##########'##........
#....')))'.##......#.
##########.##........
#ooh@.......'........
#)#####'#####......#.
#.#..#.....##........
#o#..#####'#####'####
#o#..#...÷.##.......#
#.#..#.....##.......#
#.#..###)####.......#
#†##'#.....##...<...#
#.#........##.......#


You could see a warg, an orc priest and an orc.

Vanquished Creatures
  A floating eye (D)
  An orc priest (D)
  An orc wizard (D)
  A river rat (D)
  An ufetubus (D)
  A bat (D)
  2 hobgoblins (D)
  A ball python (D)
  A ball python skeleton (D)
  A kobold (D)
  A rat (D)
12 creatures vanquished.

Notes
Turn   | Place    | Note
-------+----------+-------------------------------------------
     0 | D        | sircluck the Hill Orc Berserker began the quest for the
                  | Orb.
     0 | D        | Reached XP level 1. HP: 19/19 MP: 1/1
    54 | D        | Found a bloodstained altar of Trog.
    54 | D        | Found a shimmering blue altar of Sif Muna.
    54 | D        | Found a viscous altar of Jiyva.
    54 | D        | Found a hazy altar of Hepliaklqana.
    54 | D        | Found an opulent altar of Gozag.
    55 | D        | Found a glowing golden altar of the Shining One.
    55 | D        | Found a glowing silver altar of Zin.
    55 | D        | Found a basalt altar of Yredelemnul.
    55 | D        | Found a shimmering altar of Xom.
    55 | D        | Found an ornate altar of the Wu Jian Council.
    55 | D        | Found a sacrificial altar of Ru.
    55 | D        | Found a stormy altar of Qazlal.
    55 | D        | Found an iron altar of Okawaru.
    55 | D        | Found a sparkling altar of Nemelex Xobeh.
    55 | D        | Found a burning altar of Makhleb.
    55 | D        | Found a blossoming altar of Fedhas.
    55 | D        | Found a white marble altar of Elyvilon.
    55 | D        | Found a shadowy altar of Dithmenos.
    55 | D        | Found a snail-covered altar of Cheibriados.
    57 | D        | Found a radiant altar of Vehumet.
    57 | D        | Found a corrupted altar of Lugonu.
    57 | D        | Found a roughly hewn altar of Beogh.
    58 | D        | Found a hide-covered altar of Uskayaw.
    58 | D        | Found an ancient bone altar of Kikubaaqudgha.
    58 | D        | Found a broken altar of Ashenzari.
    80 | D        | Reached ** piety under Trog
    81 | D        | Reached skill level 5 in Axes
    81 | D        | Reached XP level 2. HP: 14/28 MP: 2/2
   145 | D        | Reached skill level 5 in Fighting
   151 | D        | Noticed a floating eye
   151 | D        | Paralysed by a floating eye for 4 turns
   156 | D        | Paralysed by a floating eye for 4 turns
   161 | D        | Killed a floating eye
   161 | D        | Reached *** piety under Trog
   162 | D        | Reached skill level 8 in Axes
   162 | D        | Reached XP level 3. HP: 33/40 MP: 3/3
   162 | D        | Reached XP level 4. HP: 40/48 MP: 4/4
   162 | D        | Reached XP level 5. HP: 44/53 MP: 5/5
   455 | D        | Noticed a warg
   472 | D        | Reached skill level 9 in Axes
   479 | D        | Reached **** piety under Trog
   487 | D        | HP: 1/56 [orc priest/divine providence (12)]
   489 | D        | Slain by a warg

Illustrated notes

Levels and vault maps discovered:
D:        pitsprint [storerooms_1, entrance_room_1, metal_vault_4, armoury_1,
          mini_pit_1, grid_room_1, main_hall_1, silver_pit, the_coven_1,
          the_vestibule_1, steel_vault_3, golden_pit, hallway_of_sentries,
          crystal_vault_2, iron_vault_5, final_vault]

Skill      XL: |  1  2  3  4  5 |
---------------+----------------+-----
Fighting       | 4 7 8 |  8.7
Axes           | 5 8 9 |  9.9
Dodging        | 2 3 |  3.9
Armour         | 3 4 |  4.0
Stealth        | |  0.2

Action                     |  1- 3 |  4- 6 || total
---------------------------+-------+-------++-------
  Melee: Hand axe          |    22 |    16 ||    38
 Invoke: Berserk           |     1 |     2 ||     3
    Use: Potion            |       |     2 ||     2
 Armour: Animal skin       |     8 |     1 ||     9
         Chain mail        |       |     6 ||     6
  Dodge: Dodged            |     7 |    12 ||    19

Table legend: (Time is in decaauts)
 A = Elapsed time spent in this place.
 B = Non-inter-level travel time spent in this place.
 C = Inter-level travel time spent in this place.
 D = Time resting spent in this place.
 E = Time spent auto-exploring this place.
 F = Levels seen in this place.
 G = Mean time per level.
                   A        B        C        D        E       F      G
               +--------+--------+--------+--------+--------+-----+--------+
         Total |    520 |    491 |     29 |    283 |      0 |   1 |  520.0 |
       Dungeon |    520 |    491 |     29 |    283 |      0 |   1 |  520.0 |
               +--------+--------+--------+--------+--------+-----+--------+

Top non-repeatable levels by time:
       D: 520 daAuts
